 Dungeon Crawl Stone Soup version 0.21-a0-110-g8e1637b (webtiles) character file.

559 nikopol the Magician (level 7, -7/36 HPs)
             Began as a Deep Elf Fire Elementalist on July 7, 2017.
             Was a Follower of Vehumet.
             Mangled by a spriggan baker
             ... wielding a +0 dagger
              (9 damage)
             ... on level 7 of the Dungeon.
             The game lasted 00:21:42 (5701 turns).

nikopol the Magician (Deep Elf Fire Elementalist)   Turns: 5701, Time: 00:21:42

Health: -7/36      AC:  2    Str:  5    XL:     7   Next: 9%
Magic:  7/18       EV: 13    Int: 22    God:    Vehumet [*.....]
Gold:   200        SH:  0    Dex: 15    Spells: 12/18 levels left

rFire    . . .     SeeInvis .   o - +0 short sword
rCold    . . .     Gourm    .   (no shield)
rNeg     . . .     Faith    .   a - +0 robe
rPois    .         Spirit   .   (no helmet)
rElec    .         Reflect  .   (no cloak)
rCorr    .         Harm     .   (no gloves)
MR       .....                  (no boots)
Stlth    ++........             (no amulet)
HPRegen  0.12/turn              (no ring)
MPRegen  0.16/turn              (no ring)

@: very slightly contaminated
A: no striking features
a: Renounce Religion


You were on level 7 of the Dungeon.
You worshipped Vehumet.
Vehumet was aware of your devotion.
You were not hungry.

You visited 1 branch of the dungeon, and saw 7 of its levels.

You collected 200 gold pieces.

Inventory:

Hand Weapons
 o - a +0 short sword (weapon)
Armour
 a - a +0 robe (worn)
Jewellery
 s - a +1 ring of protection {unknown}
Wands
 v - a wand of iceblast (6/15)
 y - a wand of lightning (5/15)
Scrolls
 d - a scroll of magic mapping {unknown}
 e - 2 scrolls of blinking {unknown}
 g - 7 scrolls of identify {unknown}
 i - 4 scrolls of enchant armour {unknown}
 k - 3 scrolls of remove curse {unknown}
 l - a scroll of recharging {unknown}
 m - 2 scrolls of teleportation {unknown}
 q - 3 scrolls of fear {unknown}
 r - 2 scrolls of noise {unknown}
 x - a scroll of enchant weapon {unknown}
 z - a scroll of amnesia {unknown}
Potions
 f - 2 potions of curing {unknown}
 h - 4 potions of agility {unknown}
 n - a potion of ambrosia {unknown}
 p - a potion of haste {unknown}
 t - a potion of heal wounds {unknown}
 u - a potion of lignification {unknown}
 w - a potion of resistance {unknown}
 A - a potion of degeneration {unknown}
Books
 b - a book of Flames

   Spells                             Type                      Level
   a - Flame Tongue                   Conjuration/Fire             1
   b - Throw Flame                    Conjuration/Fire             2
   c - Conjure Flame                  Conjuration/Fire             3
   d - Inner Flame                    Hexes/Fire                   3
   e - Sticky Flame                   Conjuration/Fire             4
   f - Fireball                       Conjuration/Fire             5
Comestibles
 c - 4 bread rations
 j - 3 royal jellies
 C - a meat ration


   Skills:
 + Level 0.2 Fighting
 + Level 3.2 Dodging
 + Level 3.3 Stealth
 + Level 6.1 Spellcasting
 + Level 3.7 Conjurations
 + Level 6.0 Fire Magic


You had 12 spell levels left.
You knew the following spells:

 Your Spells              Type           Power        Failure   Level  Hunger
a - Flame Tongue          Conj/Fire      ####.        1%          1    None
b - Throw Flame           Conj/Fire      ####..       1%          2    None
c - Conjure Flame         Conj/Fire      ####....     3%          3    #......


Dungeon Overview and Level Annotations

Branches:
Dungeon (8/15)             Temple (0/1) D:4
   Lair: D:8-11

Altars:
Ashenzari
Dithmenos
Fedhas
Vehumet

Annotations:
D:1 1 runed door


Message History

The shadow imp barely misses you. The spriggan baker barely misses you.
Casting: Throw Flame
Confirm with . or Enter, or press ? or * to list all spells.
Aiming: Throw Flame
Press: ? - help, Shift-Dir - straight line, f/p - spriggan baker
Aim: a spriggan baker, wielding a dagger and wearing a robe (moderately wounded)
The puff of flame misses the spriggan baker.
The shadow imp barely misses you.
The spriggan baker hits you with a dagger!
* * * LOW HITPOINT WARNING * * *
Casting: Throw Flame
Confirm with . or Enter, or press ? or * to list all spells.
Aiming: Throw Flame
Press: ? - help, Shift-Dir - straight line, f/p - spriggan baker
Aim: a spriggan baker, wielding a dagger and wearing a robe (moderately wounded)
The puff of flame hits the spriggan baker.
The spriggan baker is heavily wounded.
The shadow imp closely misses you.
The spriggan baker hits you with a dagger!
You die...

.. #######
....# ##.'..%#
......
##..#.#%#
......#
##5i####
.......###.@##
........#..##
...........#
..........##
#........##
##..#..## ##
#..# ### ##.##
##.# #..#


You could see a spriggan baker and a shadow imp.

Vanquished Creatures
  Eustachio (D:4)
  A centaur (D:5)
  An orc wizard (D:3)
  2 iguanas
  Ijyb (D:3)
  4 gnolls
  5 adders
  A howler monkey skeleton (D:5)
  4 oozes
  An adder skeleton (D:7)
  4 dart slugs
  5 worms
  3 leopard geckos
  15 orcs
  A ball python (D:4)
  4 giant cockroaches
  6 goblins
  4 hobgoblins
  9 bats
  4 frilled lizards
  A jackal skeleton (D:4)
  7 kobolds
  8 rats
92 creatures vanquished.

Notes
Turn   | Place    | Note
-------+----------+-------------------------------------------
     0 | D:1      | nikopol the Deep Elf Fire Elementalist began the quest for the Orb.
     0 | D:1      | Reached XP level 1. HP: 10/10 MP: 6/6
     1 | D:1      | Found a runed door.
   169 | D:1      | Reached XP level 2. HP: 15/15 MP: 2/8
   173 | D:1      | Learned a level 2 spell: Throw Flame
   946 | D:2      | Reached XP level 3. HP: 19/19 MP: 6/9
   951 | D:2      | Learned a level 3 spell: Conjure Flame
  1241 | D:1      | Reached XP level 4. HP: 10/24 MP: 3/11
  2011 | D:2      | Found a faded altar of an unknown god.
  2104 | D:2      | Found a shattered altar of Ashenzari.
  2332 | D:3      | Found a radiant altar of Vehumet.
  2341 | D:3      | Became a worshipper of Vehumet
  2465 | D:3      | Found a blossoming altar of Fedhas.
  2475 | D:3      | Found a shadowy altar of Dithmenos.
  2579 | D:3      | Reached XP level 5. HP: 28/28 MP: 10/13
  2643 | D:3      | Noticed Ijyb
  2650 | D:3      | Killed Ijyb
  2650 | D:3      | Reached skill level 5 in Fire Magic
  2995 | D:2      | Reached skill level 5 in Spellcasting
  3939 | D:4      | Noticed Eustachio
  4327 | D:4      | Found a staircase to the Ecumenical Temple.
  4337 | D:4      | Reached XP level 6. HP: 32/32 MP: 6/15
  4479 | D:4      | Reached * piety under Vehumet
  4479 | D:4      | Offered knowledge of Sting by Vehumet.
  4940 | D:4      | Killed Eustachio
  5044 | D:5      | Entered Level 5 of the Dungeon
  5404 | D:5      | Reached XP level 7. HP: 36/36 MP: 14/18
  5439 | D:5      | You fall through a shaft for 3 floors!
  5692 | D:7      | Noticed a spriggan baker
  5701 | D:7      | Mangled by a spriggan baker

Vault maps used:
D:1:      dpeg_arrival_caged_fury
D:2:      ashenzari_altar_1, chequers_ecumenical_altar_simple_redux
D:3:      vehumet_crystals, fedhas_altar_1, nicolae_dithmenos_shadow_blocks,
          first_bread, uniq_ijyb
D:4:      minmay_temple_entry_statues_pillars, roderic_roman_lattice,
          corexii_corridor_pit, uniq_eustachio
D:5:      lemuel_crystal_altar, hangedman_glass_teeth
D:7:      minmay_blocky_corners, basic_altar, the_bakery, uniq_duvessa
D:8:      grunt_temple_overflow_open

Skill      XL: |  1  2  3  4  5  6  7 |
---------------+----------------------+-----
Fire Magic     | 4 5 6 |  6.0
Spellcasting   | 4 5 6 |  6.1
Conjurations   | 2 3 |  3.7
Stealth        | 3 |  3.3
Dodging        | 3 |  3.2
Fighting       | |  0.2

Action                   |  1- 3 |  4- 6 |  7- 9 || total
-------------------------+-------+-------+-------++-------
 Cast: Flame Tongue      |    48 |   159 |    12 ||   219
       Conjure Flame     |     3 |    10 |     2 ||    15
       Throw Flame       |       |     9 |     5 ||    14
  Eat: Chunk             |       |     9 |     1 ||    10
       Meat ration       |       |     1 |       ||     1
Armor: Robe              |       |    11 |       ||    11
Dodge: Dodged            |    13 |    48 |     9 ||    70
